 Dungeon Crawl Stone Soup version 0.29.0-4-gdea44cf6ec (webtiles) character file.

Game seed: 18323179787670021695

84 qw the Chopper (level 4, -4/26 HPs)
             Began as a Tengu Warper on Aug 29, 2022.
             Killed by divine providence
             ... invoked by an orc priest
              (13 damage)
             ... on level 3 of the Dungeon.
             The game lasted 00:00:45 (1955 turns).

qw the Chopper (Tengu Warper)                       Turns: 1955, Time: 00:00:46

Health: -4/26      AC: 19    Str: 19    XL:     4   Next: 46%
Magic:  8/8        EV:  8    Int: 17    God:
Gold:   113        SH:  0    Dex: 13    Spells: 7/7 levels left

rFire   + . .      SeeInvis .   Y - +0 hand axe (protect)
rCold   . . .      Faith    .   (no shield)
rNeg    . . .      Spirit   .   d - +0 chain mail
rPois   .          Reflect  .   (helmet restricted)
rElec   .          Harm     .   (no cloak)
rCorr   .          Rampage  .   (no gloves)
Will    .....                   (boots unavailable)
Stlth   ..........              (no amulet)
HPRegen 0.08/turn               h - +6 ring of strength
MPRegen 0.11/turn               a - ring "Zomi" {rF+ AC+4 Int+3}

@: under a protective aura
A: beak, talons 3
a: no special abilities


You were on level 3 of the Dungeon.
You visited 1 branch of the dungeon, and saw 3 of its levels.

You collected 113 gold pieces.


Innate Abilities, Weirdness & Mutations

You have a beak for a mouth.
You have claws for feet.


   Skills:
 - Level 2.0 Fighting
 + Level 5.0 Axes
 - Level 1.0 Throwing
 - Level 1.1 Armour
 - Level 2.1 Dodging
 - Level 2.0 Spellcasting
 - Level 2.4 Translocations


You had 7 spell levels left.
You didn't know any spells.
Your spell library contained the following spells:

 Spells                   Type           Power      Damage    Failure   Level
 Blink                    Tloc           18%        N/A       82%         2
 Gell's Gravitas          Tloc           9%         N/A       96%         3
 Lesser Beckoning         Tloc           9%         N/A       96%         3
 Teleport Other           Tloc           9%         N/A       96%         3
 Manifold Assault         Tloc           9%         N/A       100%        5

Inventory:

Hand Weapons
 e - a +0 flail
 Y - a +0 hand axe of protection (weapon)
Armour
 d - a +0 chain mail (worn)
Jewellery
 a - the ring "Zomi" (right hand) {rF+ AC+4 Int+3}
   (You acquired it on level 2 of the Dungeon)

   [ring of protection]

   AC:        It affects your AC (+4).
   Int:       It affects your intelligence (+3).
   rF:        It protects you from fire.
 h - a +6 ring of strength (left hand)
Scrolls
 c - 2 scrolls of identify
 j - 2 scrolls of enchant armour
Potions
 b - a potion of curing

Dungeon Overview and Level Annotations

Branches:
Dungeon (3/15)

Altars:


Message History

You hit the orc. You peck the orc.
The orc is almost dead.
The orc priest hits you but does no damage.
The orc hits you but does no damage.
You hit the orc.
You kill the orc!
The orc priest barely misses you.
You barely miss the orc. Your kick misses the orc. You peck the orc.
The orc is heavily wounded.
The orc priest misses you. The orc hits you with a +0 dagger.
You closely miss the orc. You claw the orc.
The orc is severely wounded.
The orc priest hits you but does no damage.
The orc hits you with a +0 dagger.
You closely miss the orc.
The orc is severely wounded.
The orc priest hits you but does no damage.
The orc hits you but does no damage.
You hit the orc.
You kill the orc!
The orc priest hits you but does no damage.
The orc priest looks satisfied for a moment.
The orc shouts!
You hear a shout!
Your Axes skill increases to level 5!
You hit the orc. You claw the orc, but do no damage. You peck the orc.
You kill the orc!
The orc priest mumbles some strange prayers to Beogh against you.
Beogh smites you!
You hit the orc but do no damage. You peck the orc.
The orc is severely wounded.
The orc priest hits you from afar with a +0 trident.
The orc hits you but does no damage.
You slash the orc!
You kill the orc!
The orc priest hits you but does no damage.
Found 4 gold pieces and a scroll labelled ORULUV HULICS.
The orc priest mumbles some strange prayers to Beogh against you.
Beogh smites you!
Ouch! That really hurt!
You die...

....# ....#
....### ####
.....? #..$
....# #....##...
#....#o.#
#...<(@###
#$...#...# #...
###.# #..
##.##### ##
#......# #
#......##....
#.............
#......###......
#.[...>#........


You could see an orc priest.

Vanquished Creatures
  2 adders (D:3)
  2 worms (D:2)
  8 orcs (D:3)
  3 endoplasms
  2 giant cockroaches (D:1)
  9 goblins
  6 hobgoblins
  3 kobolds (D:1)
  3 ball pythons
  6 bats
  3 frilled lizards
  A rat (D:3)
48 creatures vanquished.

Notes
Turn   | Place    | Note
-------+----------+-------------------------------------------
     0 | D:1      | qw the Tengu Warper began the quest for the Orb.
     0 | D:1      | Reached XP level 1. HP: 12/12 MP: 4/4
     0 | D:1      | 0 ||| qw: Version: 0.1-a-89-g26bdef1
     0 | D:1      | 0 ||| qw: Game counter: 3476
     0 | D:1      | 0 ||| qw: Always use a shield: true
     0 | D:1      | 0 ||| qw: God list: Okawaru
     0 | D:1      | 0 ||| qw: Allow faded altars: false
     0 | D:1      | 0 ||| qw: Do Orc after D:15 true
     0 | D:1      | 0 ||| qw: Do second Lair branch before Depths: true
     0 | D:1      | 0 ||| qw: Lair rune preference: random
     0 | D:1      | 0 ||| qw: Plans: Normal
     0 | D:1      | 0 ||| PLANNING D:1-11
   163 | D:1      | 163 ||| Stepping ~*~*~tactically~*~*~ (stealth).
   240 | D:1      | Reached XP level 2. HP: 17/17 MP: 6/6
   273 | D:1      | Reached skill level 3 in Axes
   534 | D:1      | 534 ||| Stepping ~*~*~tactically~*~*~ (stealth).
   538 | D:1      | 538 ||| Stepping ~*~*~tactically~*~*~ (stealth).
   539 | D:1      | 539 ||| Stepping ~*~*~tactically~*~*~ (stealth).
   571 | D:1      | 571 ||| UPGRADING to +0 scale mail.
   657 | D:1      | 657 ||| DROPPING +0 leather armour.
   706 | D:1      | Reached XP level 3. HP: 20/21 MP: 7/7
   736 | D:1      | 736 ||| DROPPING +0 club.
   933 | D:1      | 933 ||| UPGRADING to +6 ring of strength.
   934 | D:1      | 934 ||| READING scroll labelled JUSCHY FEISSE.
   935 | D:1      | 935 ||| READING 2 scrolls labelled IFEURCH FIVU.
  1036 | D:1      | 1036 ||| READING scroll labelled FEICEMYPLO.
  1037 | D:1      | 1037 ||| READING scroll labelled VUJOIT LAM TIANN.
  1038 | D:1      | 1038 ||| READING scroll labelled ZAEXIV ZUOXKU.
  1039 | D:1      | 1039 ||| READING 2 scrolls labelled GILUINTIKE.
  1040 | D:1      | 1040 ||| DROPPING scroll of blinking.
  1041 | D:1      | 1041 ||| DROPPING scroll of silence.
  1042 | D:1      | 1042 ||| DROPPING scroll of vulnerability.
  1155 | D:2      | Reached skill level 4 in Axes
  1256 | D:2      | 1256 ||| Stepping ~*~*~tactically~*~*~ (stealth).
  1521 | D:2      | 1521 ||| DROPPING +0 whip.
  1612 | D:2      | 1612 ||| UPGRADING to +0 chain mail.
  1622 | D:2      | 1622 ||| DROPPING +0 scale mail.
  1623 | D:2      | 1623 ||| READING scroll labelled ELOMYU BASUCRO.
  1624 | D:2      | 1624 ||| READING scroll labelled BAMAUM DIRO.
  1625 | D:2      | 1625 ||| READING scroll labelled PIGIRA IVIAMP.
  1625 | D:2      | Identified a scroll of acquirement
  1625 | D:2      | 1625 ||| ACQUIRING ring "Zomi" {rF+ AC+4 Int+3}
  1625 | D:2      | Acquired the ring "Zomi" {rF+ AC+4 Int+3}
  1627 | D:2      | 1627 ||| UPGRADING to ring "Zomi" {rF+ AC+4 Int+3}.
  1628 | D:2      | 1628 ||| DRINKING 2 emerald potions.
  1629 | D:2      | 1629 ||| READING 2 scrolls of identify.
  1629 | D:2      | 1629 ||| IDENTIFYING grey potion
  1630 | D:2      | 1630 ||| DROPPING potion of attraction.
  1631 | D:2      | 1631 ||| Stepping randomly (stuck).
  1632 | D:2      | 1632 ||| Stepping ~*~*~tactically~*~*~ (cloud).
  1633 | D:2      | 1633 ||| DRINKING potion of curing.
  1633 | D:2      | 1633 ||| (to cure poison)
  1714 | D:3      | 1714 ||| STAIRDANCE
  1774 | D:3      | Reached XP level 4. HP: 17/26 MP: 8/8
  1914 | D:3      | 1914 ||| DROPPING +1 whip of venom.
  1942 | D:3      | 1942 ||| Stepping ~*~*~tactically~*~*~ (hiding).
  1952 | D:3      | Reached skill level 5 in Axes
  1955 | D:3      | Killed from afar by an orc priest

Levels and vault maps discovered:
D:1:      minmay_arrival_arboretum_small, layout_basic,
          chequers_serial_rivers_small_a, minmay_surrounded
D:2:      layout_basic
D:3:      layout_rooms, shapermc_ecumenical_altar_notcrosses

Skill      XL: |  1  2  3  4 |
---------------+-------------+-----
Axes           | 3 4 5 |  5.0
Fighting       | |  2.0
Throwing       | |  1.0
Armour         | |  1.1
Dodging        | |  2.1
Spellcasting   | |  2.0
Translocations | |  2.4

Action                   |  1- 3 |  4- 6 || total
-------------------------+-------+-------++-------
Melee: Hand axe          |    80 |    21 ||   101
       Kick              |    21 |     4 ||    25
       Peck              |     8 |     6 ||    14
Throw: Boomerang         |     7 |       ||     7
  Use: Scroll            |    10 |       ||    10
       Potion            |     2 |       ||     2
Armor: Leather armour    |     2 |       ||     2
       Scale mail        |    12 |       ||    12
       Chain mail        |    24 |    18 ||    42
Dodge: Dodged            |    37 |     4 ||    41

Table legend:
 A = Non-vault XP
 B = Vault XP
 C = Vault XP percentage of total XP
 D = Non-vault monster count
 E = Vault monster count
 F = Vault count percentage of total count
                 A         B        C        D         E       F
            +---------+---------+-------+---------+---------+-------
      Total |     117 |       4 |   3.3 |      45 |       3 |   6.2
            +---------+---------+-------+---------+---------+-------
        D:1 |      40 |       4 |   9.1 |      23 |       3 |  11.5
        D:2 |      23 |       0 |   0.0 |       9 |       0 |   0.0
        D:3 |      54 |       0 |   0.0 |      13 |       0 |   0.0
            +---------+---------+-------+---------+---------+-------
